 Dungeon Crawl Stone Soup version 0.20-a0-969-g3f209a8 (webtiles) character file.

53 AlphabetPasta the Magician (level 3, -1/15 HPs)
             Began as a Felid Wizard on Apr 8, 2017.
             Slain by a big kobold
             ... wielding a +0 short sword
              (9 damage)
             ... in a sewer.
             The game lasted 00:15:04 (3059 turns).

AlphabetPasta the Magician (Felid Wizard)           Turns: 3059, Time: 00:15:05

Health: -1/15      AC:  1    Str:  4    XL:     3   Next: 64%
Magic:  0/9        EV: 18    Int: 19    God:
Gold:   146        SH:  0    Dex: 14    Spells: 0/9 levels left
                                        Lives:  0   Deaths: 1

rFire    . . .     SeeInvis +     - Unarmed
rCold    . . .     Gourm    .   (shield unavailable)
rNeg     . . .     Faith    .   (armour unavailable)
rPois    .         Spirit   .   (helmet unavailable)
rElec    .         Reflect  .   (cloak unavailable)
rCorr    .         Harm     .   (gloves unavailable)
MR       .....                  (boots unavailable)
Stlth    +++.......             (no amulet)
Regen    0.1/turn               (no ring)
MPRegen  0.2/turn               (no ring)

@: quick
A: no armour, no weapons or thrown items, stealth, claws 1, fangs 3, see
invisible, carnivore 3, speed 1, shaggy fur 1, slow metabolism 1, sharp paws
a: no special abilities


You were in a sewer.
You were completely stuffed.

You visited 1 branch of the dungeon, and saw 3 of its levels.
You also visited: Sewer.

You collected 146 gold pieces.

Inventory:

Jewellery
 j - an uncursed amulet of the gourmand {unknown}
Scrolls
 d - 2 scrolls of blinking
 f - 3 scrolls of fog
Potions
 c - a potion of flight
 h - a potion of lignification
 i - a potion of curing {unknown}
 k - a potion of might {unknown}
 l - 2 potions of heal wounds
Books
 a - a book of Minor Magic

   Spells                             Type                      Level
   a - Magic Dart                     Conjuration                  1
   b - Blink                          Translocation                2
   c - Call Imp                       Summoning                    2
   d - Slow                           Hexes                        2
   e - Conjure Flame                  Conjuration/Fire             3
   f - Mephitic Cloud                 Conjuration/Poison/Air       3
Comestibles
 b - 4 meat rations
 g - a royal jelly
 m - 2 chunks of flesh


   Skills:
 + Level 0.6 Fighting
 + Level 3.6 Dodging
 - Level 2.6 Stealth
 + Level 1.3 Unarmed Combat
 * Level 3.9 Spellcasting
 - Level 1.1 Conjurations
 - Level 1.7 Hexes
 - Level 1.0 Summonings
 - Level 1.5 Translocations
 + Level 0.1 Fire Magic


You couldn't memorise any spells.
You knew the following spells:

 Your Spells              Type           Power        Failure   Level  Hunger
a - Magic Dart            Conj           #...         10%         1    None
b - Blink                 Tloc           N/A          12%         2    ##.....
c - Call Imp              Summ           #.......     17%         2    ##.....
d - Slow                  Hex            ##......     12%         2    ##.....
e - Conjure Flame         Conj/Fire      #.......     34%         3    ###....


Dungeon Overview and Level Annotations

Branches:
Dungeon (3/15)

Altars:
Ru


Innate Abilities, Weirdness & Mutations

You cannot wear armour.
You are incapable of wielding weapons or throwing items.
Your paws allow you to move quietly. (Stealth)
You have sharp claws.
You have razor-sharp teeth.
You have supernaturally acute eyesight. (SInv)
You are carnivorous and can eat meat at any time.
You cover ground quickly.
You are covered in fur. (AC +1)
You have a slow metabolism.
Your sharp claws are effective at attacking unaware monsters.


Message History

Casting: Magic Dart
Confirm with . or Enter, or press ? or * to list all spells.
Aiming: Magic Dart
Press: ? - help, Shift-Dir - straight line, f/p - big kobold
Aim: a big kobold, wielding a short sword (almost dead)
The magic dart hits the big kobold.
The big kobold is almost dead.
There is a large open door here.
Items here: ( )) ÷÷ a short sword; 4 stones; a whip; a kobold skeleton x2
Casting: Magic Dart
Confirm with . or Enter, or press ? or * to list all spells.
Aiming: Magic Dart
Press: ? - help, Shift-Dir - straight line, f/p - big kobold
Aim: a big kobold, wielding a short sword (almost dead)
The magic dart hits the big kobold.
The big kobold is almost dead.
The big kobold hits you with a short sword!
Ouch! That really hurt!
You die...

≈P≈≈
###≈≈≈#################
≈≈≈≈≈≈≈≈≈≈≈≈≈≈≈≈≈≈≈≈≈≈#
≈ ≈≈≈≈≈≈≈≈≈≈≈≈≈≈≈≈≈≈≈≈#
≈≈≈≈≈≈≈≈≈≈≈≈≈≈≈≈≈≈≈≈#
#########≈≈########'###
.......≈≈≈≈P.#....#...#
.......≈≈P≈..÷..K.#.∩.#
.............)..@.#.∩.#
........P....#....#####
........((.########
###.....##.# ##########


You could see a big kobold.

Vanquished Creatures
  3 adders
  2 oozes
  A dart slug (D:1)
  2 leopard geckos
  4 giant cockroaches
  11 goblins
  3 hobgoblins
  2 jackals (D:1)
  A quokka (D:2)
  A ball python (Sewer)
  6 bats
  A frilled lizard (Sewer)
  9 kobolds
  7 rats
53 creatures vanquished.

Vanquished Creatures (collateral kills)
  2 kobolds (Sewer)
2 creatures vanquished.

Grand Total: 55 creatures vanquished

Notes
Turn   | Place    | Note
-------+----------+-------------------------------------------
     0 | D:1      | AlphabetPasta the Felid Wizard began the quest for the Orb.
     0 | D:1      | Reached XP level 1. HP: 7/7 MP: 5/5
   109 | D:1      | Reached skill level 1 in Conjurations
   274 | D:1      | Reached XP level 2. HP: 11/11 MP: 0/7
   281 | D:1      | Learned a level 2 spell: Blink
   284 | D:1      | Learned a level 2 spell: Call Imp
   287 | D:1      | Learned a level 2 spell: Slow
   887 | D:1      | Reached skill level 1 in Hexes
  1475 | D:2      | Learned a level 2 spell: Slow
  1556 | D:2      | Reached skill level 1 in Unarmed Combat
  1556 | D:2      | Reached XP level 3. HP: 14/14 MP: 2/8
  1608 | D:2      | Found a faded altar of an unknown god.
  1890 | D:2      | Found a sacrificial altar of Ru.
  2342 | D:3      | Reached XP level 4. HP: 15/18 MP: 4/10
  2352 | D:3      | Learned a level 3 spell: Conjure Flame
  2476 | D:3      | Killed from afar by a gnoll
  2477 | D:3      | Reached XP level 3. HP: 0/14 MP: 5/9
  2553 | D:3      | Found a glowing drain.
  2579 | Sewer    | Entered a sewer
  3002 | Sewer    | Noticed a big kobold
  3059 | Sewer    | Slain by a big kobold

Vault maps used:
D:1:      dpeg_arrival_boxorama
D:2:      nicolae_ru_awakened_eye, chequers_ecumenical_altar_island
D:3:      cheibriados_altar_1, portal_sewer_entry_d, solitary_fountain
Sewer:    kennysheep_pipe_town

Skill      XL: |  1  2 |
---------------+-------+-----
Conjurations   | 1 |  1.1
Dodging        | 3 |  3.6
Hexes          | 1 |  1.7
Unarmed Combat | 1 |  1.3
Fighting       | |  0.6
Stealth        | |  2.6
Spellcasting   | |  3.9
Summonings     | |  1.0
Translocations | |  1.5
Fire Magic     | |  0.1

Action                   |  1- 3 |  4- 6 || total
-------------------------+-------+-------++-------
Melee: Unarmed           |    44 |     1 ||    45
       Bite              |     2 |       ||     2
 Cast: Magic Dart        |   137 |     4 ||   141
       Call Imp          |     5 |       ||     5
       Slow              |     2 |       ||     2
  Use: Scroll            |     9 |     1 ||    10
       Potion            |     1 |       ||     1
 Stab: Sleeping          |     3 |     1 ||     4
  Eat: Chunk             |    17 |       ||    17
Armor: Skin              |     1 |       ||     1
Dodge: Dodged            |    71 |     1 ||    72
